 Dungeon Crawl Stone Soup version 0.29.0-4-gdea44cf6ec (webtiles) character file.

Game seed: 11125648314500762060

26 qw the Sneak (level 3, -3/23 HPs)
             Began as a Gargoyle Delver on Sept 10, 2022.
             Killed from afar by an orc wizard (5 damage)
             ... with a magic dart
             ... on level 4 of the Dungeon.
             The game lasted 00:00:16 (508 turns).

qw the Sneak (Gargoyle Delver)                       Turns: 508, Time: 00:00:17

Health: -3/23      AC:  9    Str: 17    XL:     3   Next: 8%
Magic:  3/3        EV:  9    Int: 10    God:
Gold:   28         SH:  0    Dex: 11    Spells: 2/2 levels left

rFire   . . .      SeeInvis .   Y - +0 hand axe
rCold   . . .      Faith    .   h - +0 buckler
rNeg    + . .      Spirit   .   e - +0 scale mail
rPois   inf        Reflect  .   (no helmet)
rElec   +          Harm     .   (no cloak)
rCorr   .          Rampage  .   (no gloves)
Will    .....                   (no boots)
Stlth   ..........              (no amulet)
HPRegen 0.07/turn               (no ring)
MPRegen 0.08/turn               (no ring)

@: confused
A: sickness immunity, AC +3, negative energy resistance 1, electricity
resistance, torment resistance 1, petrification resistance
a: no special abilities


You were on level 4 of the Dungeon.
You visited 1 branch of the dungeon, and saw 2 of its levels.

You collected 28 gold pieces.


Innate Abilities, Weirdness & Mutations

You are immune to sickness and miasma.
Your stone body is resilient. (AC +3)
You are immune to poison.
You resist negative energy. (rN+)
You are resistant to electric shocks. (rElec)
You are resistant to unholy torment.
You are immune to petrification.


   Skills:
 - Level 3.2 Fighting
 - Level 3.0 Axes
 - Level 1.5 Dodging
 - Level 5.4 Stealth
 + Level 0.8 Shields


You had 2 spell levels left.
You didn't know any spells.
Your spell library was empty.

Inventory:

Hand Weapons
 c - a +0 whip
 Y - a +0 hand axe (weapon)
Armour
 e - a +0 scale mail (worn)
 h - a +0 buckler (worn)
Wands
 g - a wand of digging (3)
Potions
 f - 2 potions of haste

Dungeon Overview and Level Annotations

Branches:
Dungeon (5/15)
 Temple: D:4-7

Altars:

Portals:
Ossuary: D:4


Message History

You hear some strange, mumbled words.
You are more confused.
Something hits you but does no damage.
You completely miss something. You barely miss something.
Something hits you but does no damage.
You hear some strange, mumbled words.
Something tries to affect you, but you resist.
You hit the orc.
The orc is almost dead.
You miss something. You completely miss something.
Something hits you but does no damage. The orc barely misses you.
Something hits you.
You hit the orc but do no damage.
The orc is almost dead.
You barely miss something. You miss something.
You hear some strange, mumbled words.
A puff of flame appears from out of thin air!
The puff of flame misses you. The orc barely misses you.
You hear some strange, mumbled words.
A magic dart appears from out of thin air!
The magic dart hits you but does no damage.
You closely miss the orc.
The orc is almost dead.
You hit something. You closely miss something.
Something hits you but does no damage. x2; The orc hits you but does no damage.
You barely miss the orc.
The orc is almost dead.
You closely miss something. You completely miss something.
Something hits you but does no damage. x2; The orc hits you but does no damage.
Something hits you but does no damage. x2; The orc barely misses you.
You hit something. You miss the orc. You miss something. Something hits you.
The orc hits you with a +0 falchion. Something hits you but does no damage.
You barely miss something. You closely miss something.
You hit the orc but do no damage.
Something hits you but does no damage. x2; The orc closely misses you.
You hear some strange, mumbled words.
A magic dart appears from out of thin air!
The magic dart hits you.
You die...

..################
.................#
.................#
........%........#
.................#
#########....#####
.......#o{{.#..#
.......'..@.)..#
.......#....#..#
########....# ##
######


You could see an orc.

Vanquished Creatures
  A mummy (D:4)
  3 orcs
  An endoplasm (D:4)
  A goblin (D:4)
  A kobold (D:4)
  2 quokkas (D:4)
  A ball python (D:4)
10 creatures vanquished.

Notes
Turn   | Place    | Note
-------+----------+-------------------------------------------
     0 | D:5      | qw the Gargoyle Delver began the quest for the Orb.
     0 | D:5      | Reached XP level 1. HP: 14/14 MP: 1/1
     0 | D:5      | 0 ||| qw: Version: 0.1-a-116-g5d60599
     0 | D:5      | 0 ||| qw: Game counter: 8447
     0 | D:5      | 0 ||| qw: Always use a shield: true
     0 | D:5      | 0 ||| qw: God list: Okawaru
     0 | D:5      | 0 ||| qw: Allow faded altars: false
     0 | D:5      | 0 ||| qw: Do Orc after D:15 true
     0 | D:5      | 0 ||| qw: Do second Lair branch before Depths: true
     0 | D:5      | 0 ||| qw: Lair rune preference: random
     0 | D:5      | 0 ||| qw: Plans: Normal
     0 | D:5      | 0 ||| PLANNING D:1-11
     5 | D:5      | Noticed an orc priest
     6 | D:5      | 6 ||| Stepping ~*~*~tactically~*~*~ (stealth).
     7 | D:5      | 7 ||| DROPPING scroll of fog.
     8 | D:5      | 8 ||| DROPPING scroll of magic mapping.
     9 | D:5      | 9 ||| DROPPING scroll of fear.
    82 | D:4      | 82 ||| PLANNING OSSUARY
   337 | D:4      | Reached XP level 2. HP: 19/19 MP: 2/2
   424 | D:4      | Found a sand-covered staircase.
   441 | D:4      | Reached skill level 3 in Axes
   441 | D:4      | 441 ||| UPGRADING to +0 scale mail.
   451 | D:4      | 451 ||| DROPPING +0 leather armour.
   452 | D:4      | 452 ||| UPGRADING to +0 buckler.
   457 | D:4      | 457 ||| READING scroll labelled GAUBBYSHR GAUFI.
   484 | D:4      | Reached XP level 3. HP: 17/23 MP: 3/3
   506 | D:4      | HP: 1/23 [orc/+0 falchion (6)]
   508 | D:4      | Killed from afar by an orc wizard

Levels and vault maps discovered:
D:4:      layout_gridville, gup_ossuary_entry_pyramid, wad_floor_pattern_1
D:5:      layout_rooms, kennysheep_mini_moat, temple_fountains,
          guppyfry_early_lair_pool

Skill      XL: |  1  2 |
---------------+-------+-----
Axes           | 2 3 |  3.0
Fighting       | |  3.2
Dodging        | |  1.5
Stealth        | |  5.4
Shields        | |  0.8

Action                   || total
-------------------------++-------
Melee: Hand axe          ||    52
  Use: Scroll            ||     1
Armor: Leather armour    ||     7
       Scale mail        ||    37
Dodge: Dodged            ||    25

Table legend:
 A = Non-vault XP
 B = Vault XP
 C = Vault XP percentage of total XP
 D = Non-vault monster count
 E = Vault monster count
 F = Vault count percentage of total count
                 A         B        C        D         E       F
            +---------+---------+-------+---------+---------+-------
      Total |      20 |      18 |  47.4 |       9 |       1 |  10.0
            +---------+---------+-------+---------+---------+-------
        D:4 |      17 |      18 |  51.4 |       8 |       1 |  11.1
        D:5 |       3 |       0 |   0.0 |       1 |       0 |   0.0
            +---------+---------+-------+---------+---------+-------
